cohdb
Replays
Latest Replays
All Replays
Popular Replays
Top Player Replays
Match Explorer
How It Works
Community
CoH3 Stats
Reddit
Sign in to upload your games and track your stats! →
Sign in with Steam
Match 44496752
Unlisted
Match 44496752
Overview
Messages
Build Orders
End
Kradschützen Motorcycle Team
Panzergrenadier Squad
Selects Panzerjäger Kommand Battlegroup
Selects Mine Fields
Panzergrenadier Squad
Construct Light Support Kompanie
MG34 Team
Fire Support Elements
Flakvierling Half-track
2.5-tonne Medical Truck
Panzerjäger Squad
Vehicle Survival Package
Pak 38 Anti-tank Gun Team
Construct Panzerarmee Kommand
Selects Early Warning
Selects Butterfly Bomb Drop
Butterfly Bomb Drop
Walking Stuka Rocket Launcher
DrewP
Dillbro
Mattejoni
Evert Taube
0
0
Comments
sign in to comment!
No comments posted yet!